Map: Nightshade LE

Players

Dear

  • Race: Protoss Protoss
  • Spawn Location: 11:00

Zest - Winner!

  • Race: Protoss Protoss
  • Spawn Location: 5:00

Event: IEM Katowice 2020

VOD

Have the link to the VOD?

Description

Time

  • Played on: Feb. 29, 2020, 11:23 a.m.
  • Length: 6:58

All games in this series

Show
View Real Time Build Order
Export as new Build Order

Dear Protoss 

Build Orders: Oracle Opening 

Get SALT Encoding   

  12  0:00  Probe  
  13  0:12  Probe  
  14  0:18  Pylon  
  14  0:25  Probe (Chrono Boost)  
  15  0:37  Probe (Chrono Boost), Gateway  
  16  0:45  Probe (Chrono Boost)  
  16  0:46  Assimilator  
  17  0:51  Probe  
  17  0:54  Assimilator  
  18  1:03  Probe (Chrono Boost)  
  19  1:07  Gateway  
  19  1:13  Probe (Chrono Boost)  
  19  1:18  Probe (Chrono Boost)  
  20  1:24  Cybernetics Core  
  21  1:29  Probe  
  22  1:35  Pylon  
  22  1:41  Probe  
  23  1:53  Probe  
  24  2:00  Adept  
  24  2:01  Warp Gate, Adept  
  28  2:06  Probe  
  29  2:09  Pylon  
  29  2:22  Stargate  
  29  2:32  Stalker  
  29  2:33  Stalker  
  33  2:57  Shield Battery  
  32  3:03  Oracle (Chrono Boost)  
  34  3:14  Probe, Nexus  
  35  3:21  Shield Battery  
  35  3:30  Oracle (Chrono Boost)  
  35  3:33  Probe  
  35  3:47  Pylon  
  35  3:55  Stalker x2  
  39  4:07  Pylon  
  39  4:08  Probe  
  40  4:20  Probe  
  40  4:21  Phoenix  
  43  4:26  Stalker x2  
  43  4:30  Probe (Chrono Boost)  
  48  4:33  Probe (Chrono Boost)  
  49  4:41  Probe (Chrono Boost)  
  49  4:43  Probe (Chrono Boost)  
  51  4:45  Probe (Chrono Boost)  
  51  4:50  Probe  
  51  4:52  Robotics Facility  
  53  4:56  Probe  
  53  4:58  Pylon  
  54  5:02  Probe  
  55  5:07  Sentry  
  55  5:08  Probe  
  55  5:09  Pylon  
  58  5:14  Probe  
  58  5:15  Sentry  
  58  5:19  Forge  
  58  5:20  Probe  
  62  5:25  Shield Battery  
  62  5:34  Adept  
  58  5:38  Probe  
  58  5:39  Probe, Adept  
  43  5:50  Probe  
  43  5:51  Probe  
  43  5:54  Immortal (Chrono Boost)  
  38  6:02  Stalker x2  
  42  6:09  Probe x2  
  37  6:25  Immortal (Chrono Boost)  
  36  6:37  Adept  
Show
View Real Time Build Order
Export as new Build Order

Zest Protoss - Winner!

Build Orders:  

Get SALT Encoding   

  12  0:00  Probe  
  13  0:12  Probe  
  14  0:17  Pylon  
  14  0:25  Probe (Chrono Boost)  
  15  0:36  Gateway  
  15  0:37  Probe (Chrono Boost)  
  16  0:44  Probe (Chrono Boost)  
  16  0:46  Assimilator  
  17  0:51  Probe  
  17  0:54  Assimilator  
  18  1:03  Probe (Chrono Boost)  
  19  1:07  Gateway  
  19  1:12  Probe (Chrono Boost)  
  19  1:17  Probe (Chrono Boost)  
  20  1:23  Cybernetics Core  
  21  1:29  Probe  
  22  1:33  Pylon  
  22  1:41  Probe  
  23  1:53  Probe  
  24  1:57  Warp Gate (Chrono Boost)  
  24  1:59  Adept x2  
  28  2:08  Pylon  
  28  2:29  Adept x2  
  31  2:47  Nexus  
  31  3:01  Adept x2  
  35  3:11  Robotics Facility  
  35  3:19  Pylon  
  35  3:21  Shield Battery  
  35  3:29  Probe (Chrono Boost)  
  34  3:39  Adept  
  34  3:41  Adept  
  37  3:45  Probe (Chrono Boost)  
  38  3:50  Probe (Chrono Boost)  
  39  4:00  Stalker  
  37  4:19  Warp Prism (Chrono Boost)  
  39  4:26  Sentry x2  
  39  4:27  Probe  
  45  4:34  Gateway  
  44  4:48  Observer  
  44  4:49  Stalker  
  44  4:50  Stalker  
  49  5:10  Stalker x2  
  53  5:31  Stalker  
  53  5:32  Stalker x2  
  45  5:58  Stalker x3  
  45  5:59  Probe x2  
  45  6:23  Zealot x3  
  51  6:39  Probe  
  48  6:40  Probe  

Tags
 
Add a new tag
Caveats
  • Supply blocks, unpowered buildings, or Contaminate may cause inaccurate times.
  • Supply counts are checked every 10 seconds.